 Dungeon Crawl Stone Soup version 0.26-a0-597-gb535b0901c (webtiles) character file.

Game seed: 15262026334990601722

2534 HoaS the Cruncher (level 9, -2/64 HPs)
             Began as a Formicid Fighter on Aug 26, 2020.
             Was an Initiate of Makhleb.
             Slain by an orc (4 damage)
             ... on level 9 of the Dungeon.
             The game lasted 00:17:11 (6504 turns).

HoaS the Cruncher (Formicid Fighter)                Turns: 6504, Time: 00:17:11

Health: -2/64      AC: 16    Str: 24    XL:     9   Next: 85%
Magic:  9/9        EV:  6    Int:  8    God:    Makhleb [......]
Gold:   514        SH: 13    Dex: 16    Spells: 8/8 levels left

rFire    . . .     SeeInvis +   a - +1 quarterstaff
rCold    . . .     Faith    .   g - +1 kite shield
rNeg     . . .     Spirit   .   o - +0 plate armour
rPois    .         Reflect  .   (helmet unavailable)
rElec    .         Harm     .   p - +1 cloak (curse)
rCorr    +                      i - +0 pair of gloves
MR       .....                  f - +1 pair of boots
Stlth    ..........             (no amulet)
HPRegen  0.20/turn              m - +6 ring of dexterity
MPRegen  0.11/turn              b - ring of resist corrosion

@: no status effects
A: permanent stasis, dig shafts and tunnels, four strong arms, antennae 3
a: Dig, Shaft Self, Renounce Religion


You were on level 9 of the Dungeon.
You worshipped Makhleb.
Makhleb was noncommittal.
You visited 2 branches of the dungeon, and saw 10 of its levels.

You collected 514 gold pieces.

Inventory:

Hand Weapons
 a - a +1 quarterstaff (weapon)
Armour
 f - a +1 pair of boots (worn)
 g - a +1 kite shield (worn)
 i - a +0 pair of gloves (worn)
 o - a +0 plate armour (worn)
 p - a cursed +1 cloak (worn)
Jewellery
 b - a ring of resist corrosion (right hand)
 m - a +6 ring of dexterity (left hand)
Wands
 r - a wand of disintegration (12)
Scrolls
 d - a scroll of enchant weapon
 j - 8 scrolls of identify
 k - a scroll of fear
 n - 6 scrolls of remove curse
 q - a scroll of magic mapping
Potions
 c - 2 potions of cancellation
 e - 3 potions of heal wounds
 h - 6 potions of curing
 l - a potion of invisibility {unknown}


   Skills:
 - Level 3.2 Fighting
 * Level 10.7 Staves
 - Level 3.2 Armour
 - Level 9.0 Shields


You had 8 spell levels left.
You didn't know any spells.
Your spell library contained the following spells:

 Spells                   Type           Power        Failure   Level
 Sting                    Tmut/Pois      #...         100%        1
 Poisonous Vapours        Pois/Air       #.....       100%        2
 Ignite Poison            Fire/Tmut/Pois #.......     100%        3
 Mephitic Cloud           Conj/Pois/Air  #.......     100%        3
 Olgreb's Toxic Radiance  Pois           #.......     100%        4


Dungeon Overview and Level Annotations

Branches:
Dungeon (8/15)             Temple (1/1) D:5
   Lair: D:8-11

Altars:
Ashenzari
Cheibriados
Dithmenos
Elyvilon
Fedhas
Gozag
Hepliaklqana
Kikubaaqudgha
Makhleb
Nemelex Xobeh
Okawaru
Qazlal
Ru
Sif Muna
Trog
Uskayaw
Vehumet
Wu Jian
Xom
Yredelemnul
Zin
The Shining One

Shops:
D:4 }   D:7 *

Annotations:
D:8 exclusion: door


Innate Abilities, Weirdness & Mutations

You cannot be hasted, slowed, berserked, paralysed or teleported.
You can dig through walls and to a lower floor.
Your four strong arms can wield two-handed weapons with a shield.
You have a pair of large antennae on your head. (SInv)


Message History

A hornet comes into view.
The hornet buzzes angrily.
You block the worker ant's attack.
The orc priest mumbles some strange prayers to Beogh against you.
Beogh smites you! You block the worker ant's attack.
You closely miss the orc warrior.
The orc warrior hits you with a cursed -3 long sword.
You block the orc wizard's attack.
The orc priest calls down the wrath of Beogh upon you.
Beogh smites you!
* * * LOW HITPOINT WARNING * * *
The orc wizard gestures wildly while chanting.
The orc wizard seems to speed up.
You closely miss the orc warrior. You block the worker ant's attack.
The orc wizard hits you but does no damage.
You block the orc's attack.
You hit the orc.
The orc is lightly wounded.
You block the worker ant's attack. The orc barely misses you. The orc hits you.
You die...

#.... #....####.
#......... .
##........ ..
##.....K.# ..
#......KK### .#
##...!..YoKK##..#
.###...[....ooo...#
.........(ooYa@o..#
............oooo.##
...........oooy..#
.....###.....$..##
.... ###......# ...
###....# .. ...[.#
. .....##


You could see a hornet, 3 orc warriors, 2 ice beasts, a big kobold, a worker
ant, an orc priest, 3 orc wizards, 7 orcs and 4 kobolds.

Vanquished Creatures
  Grinder (D:5)
  A hippogriff (D:8)
  Menkaure (D:5)
  An ice beast (D:7)
  An orc warrior (D:5)
  A sky beast (D:7)
  A phantom (D:3)
  3 ogres
  A centaur (D:8)
  7 bullfrogs
  2 scorpions
  A howler monkey (D:4)
  A crimson imp (D:6)
  An orc wizard (D:6)
  A centaur zombie (D:5)
  3 hounds (D:5)
  A quasit (D:6)
  A bullfrog skeleton (D:7)
  An orc priest (D:6)
  A jelly (D:7)
  Crazy Yiuf (D:3)
  An iguana (D:5)
  5 worker ants
  A hound zombie (D:5)
  2 hound skeletons
  A worker ant zombie (D:8)
  9 adders
  2 white imps
  2 ufetubi
  2 oozes
  An adder zombie (D:6)
  3 worms
  2 dart slugs (D:2)
  4 leopard geckos
  15 orcs
  3 ball pythons
  4 giant cockroaches
  2 gnoll zombies (D:5)
  8 goblins
  6 hobgoblins
  4 jackals (D:2)
  4 quokkas
  3 bats
  5 frilled lizards
  A goblin skeleton (D:6)
  A goblin zombie (D:6)
  A hobgoblin zombie (D:6)
  4 kobolds
  A kobold skeleton (D:6)
  A kobold zombie (D:6)
  A leopard gecko zombie (D:6)
  2 quokka skeletons
  10 rats
143 creatures vanquished.

Vanquished Creatures (others)
  A minotaur (D:1)
  3 gargoyles (D:1)
  A vine stalker (D:1)
  2 elves (D:1)
  2 trolls (D:1)
  A spriggan (D:1)
  A dwarf (D:1)
  An ogre (D:1)
  A mummy (D:1)
  2 orcs (D:1)
  4 tentacles (D:1)
19 creatures vanquished.

Grand Total: 162 creatures vanquished

Notes
Turn   | Place    | Note
-------+----------+-------------------------------------------
     0 | D:1      | HoaS the Formicid Fighter began the quest for the Orb.
     0 | D:1      | Reached XP level 1. HP: 18/18 MP: 1/1
     2 | D:1      | Noticed a vine stalker
     2 | D:1      | Noticed a troll
     2 | D:1      | Noticed a gargoyle
     2 | D:1      | Noticed a spriggan
     2 | D:1      | Noticed a troll
     2 | D:1      | Noticed a gargoyle
     2 | D:1      | Noticed a dwarf
     2 | D:1      | Noticed an ogre
     2 | D:1      | Noticed a kraken
     2 | D:1      | Noticed a gargoyle
     2 | D:1      | Noticed a minotaur
     2 | D:1      | Noticed an elf
     2 | D:1      | Noticed an elf
     3 | D:1      | Killed a troll
     8 | D:1      | Killed an ogre
     8 | D:1      | Killed a gargoyle
     8 | D:1      | Killed a gargoyle
    10 | D:1      | Killed a gargoyle
    10 | D:1      | Killed a minotaur
    11 | D:1      | Killed a dwarf
    11 | D:1      | Killed a vine stalker
    11 | D:1      | Killed an elf
    12 | D:1      | Killed a spriggan
    12 | D:1      | Killed an elf
    15 | D:1      | Killed a troll
   174 | D:1      | Reached XP level 2. HP: 22/24 MP: 2/2
   705 | D:2      | Reached XP level 3. HP: 24/29 MP: 3/3
   708 | D:2      | Reached skill level 3 in Staves
   778 | D:2      | Reached XP level 4. HP: 27/35 MP: 4/4
   960 | D:2      | Found a shimmering blue altar of Sif Muna.
  1011 | D:2      | Reached skill level 4 in Staves
  1210 | D:2      | Found a glowing silver altar of Zin.
  1211 | D:2      | Noticed an angel
  1251 | D:3      | Reached skill level 5 in Shields
  1251 | D:3      | Reached XP level 5. HP: 40/41 MP: 5/5
  1411 | D:3      | Noticed a phantom
  1444 | D:3      | Killed a phantom
  1444 | D:3      | Reached skill level 5 in Staves
  1444 | D:3      | Reached XP level 6. HP: 26/47 MP: 6/6
  1836 | D:3      | Found an ancient bone altar of Kikubaaqudgha.
  1932 | D:3      | Found a runed translucent door.
  1933 | D:3      | Noticed Crazy Yiuf
  2310 | D:3      | Killed Crazy Yiuf
  2372 | D:4      | Found a radiant altar of Vehumet.
  2498 | D:4      | Reached XP level 7. HP: 48/52 MP: 7/7
  2513 | D:4      | Reached skill level 6 in Staves
  2634 | D:4      | Found Qizon's Gadget Boutique.
  2659 | D:4      | You fall into a shaft and drop 3 floors!
  2685 | D:7      | You fall into a shaft and drop 1 floor!
  2724 | D:7      | Found a shattered altar of Ashenzari.
  2825 | D:6      | Found a glowing golden altar of the Shining One.
  2982 | D:6      | Reached skill level 7 in Staves
  3003 | D:6      | Reached XP level 8. HP: 58/58 MP: 8/8
  3149 | D:5      | Entered Level 5 of the Dungeon
  3276 | D:6      | Reached skill level 8 in Staves
  3964 | D:5      | Found a shadowy altar of Dithmenos.
  4003 | D:5      | Found a basalt altar of Yredelemnul.
  4185 | D:5      | Noticed Menkaure
  4219 | D:5      | Killed Menkaure
  4219 | D:5      | Reached XP level 9. HP: 9/64 MP: 9/9
  4516 | D:5      | Found a staircase to the Ecumenical Temple.
  4550 | Temple   | Entered the Ecumenical Temple
  4629 | Temple   | Became a worshipper of Makhleb the Destroyer
  4683 | D:5      | Found a sacrificial altar of Ru.
  4704 | D:5      | Noticed Grinder
  4716 | D:5      | Killed Grinder
  4716 | D:5      | Reached skill level 9 in Staves
  4727 | D:5      | Found a snail-covered altar of Cheibriados.
  4749 | D:5      | Found a hide-covered altar of Uskayaw.
  5055 | D:6      | Found a blossoming altar of Fedhas.
  5558 | D:7      | Found Ochyureg's Assorted Antiques.
  5691 | D:7      | Reached skill level 10 in Staves
  6011 | D:7      | Found an iron altar of Okawaru.
  6426 | D:8      | Noticed a hippogriff
  6438 | D:8      | Killed a hippogriff
  6460 | D:8      | Noticed a yaktaur captain
  6487 | D:8      | Noticed a cyclops
  6492 | D:8      | You fall into a shaft and drop 1 floor!
  6501 | D:9      | Noticed a hornet
  6502 | D:9      | HP: 2/64 [orc priest/divine providence (15)]
  6504 | D:9      | Slain by an orc

Illustrated notes

Levels and vault maps discovered:
D:1:      nicolae_arrival_kraken_aquarium_b, layout_basic, minmay_tetromino_s2
D:2:      layout_basic, zin_angel, old_standard_altar
D:3:      minmay_recursive_quarters, layout_basic, kiku_gazebo_pond_becter,
          uniq_crazy_yiuf_cottage
D:4:      layout_rooms, serial_shops, nicolae_shop_statue_plus,
          grunt_ministairs_2, minmay_ruined_shrine
D:5:      layout_loops_ring, lemuel_doored_altar, old_standard_altar,
          lemuel_zombie_altar_yredelemnul, minmay_temple_entry_stoned_glass,
          basic_altar, grunt_dithmenos_smoke_and_mirrors, uniq_grinder,
          uniq_menkaure
D:6:      layout_basic, old_standard_altar, nicolae_tso_besieged_by_evil
D:7:      layout_layer_cave, lemuel_coloured_pillars_altar, serial_shops,
          nicolae_shop_statue_plus, ashenzari_altar_1
D:8:      layout_basic, minivault_1, minmay_evil_grid
D:9:      layout_layer_cave, marbit_many_paths, serial_shops,
          nicolae_shop_trees, minmay_holes
Temple:   dshaligram_water_room_temple

Skill      XL: |  1  2  3  4  5  6  7  8  9 |
---------------+----------------------------+-----
Shields        | 4 5 6 8 9 |  9.0
Staves         | 3 4 5 7 8 10 | 10.7
Fighting       | |  3.2
Armour         | |  3.2

Action                   |  1- 3 |  4- 6 |  7- 9 || total
-------------------------+-------+-------+-------++-------
Melee: Quarterstaff      |    73 |   180 |   334 ||   587
 Abil: Shaft Self        |       |       |     1 ||     1
  Use: Scroll            |     6 |     6 |     9 ||    21
       Potion            |       |       |     2 ||     2
Armor: Scale mail        |    33 |    54 |    41 ||   128
       Chain mail        |       |       |    27 ||    27
       Plate armour      |       |       |    44 ||    44
Dodge: Dodged            |    18 |    44 |    59 ||   121
Block: Kite shield       |    45 |    86 |   211 ||   342

Table legend: (Time is in decaauts)
 A = Elapsed time spent in this place.
 B = Non-inter-level travel time spent in this place.
 C = Inter-level travel time spent in this place.
 D = Time resting spent in this place.
 E = Time spent auto-exploring this place.
 F = Levels seen in this place.
 G = Mean time per level.
                   A        B        C        D        E       F      G
               +--------+--------+--------+--------+--------+-----+--------+
         Total |   6522 |   6182 |    340 |    740 |   4057 |  10 |  652.2 |
       Dungeon |   6427 |   6087 |    340 |    740 |   3988 |   9 |  714.1 |
        Temple |     95 |     95 |      0 |      0 |     69 |   1 |   95.0 |
               +--------+--------+--------+--------+--------+-----+--------+

Top non-repeatable levels by time:
     D:6: 1128 daAuts
     D:3: 1125 daAuts
     D:5: 1010 daAuts
     D:7: 921 daAuts
     D:1: 675 daAuts
     D:4: 651 daAuts
     D:2: 591 daAuts
     D:8: 311 daAuts
  Temple: 95 daAuts
     D:9: 10 daAuts
